 Dungeon Crawl Stone Soup version 0.29.0-4-gdea44cf6ec (webtiles) character file.

Game seed: 1372947446306914524

104966 qw the Severer (level 15, -5/147 HPs)
             Began as a Minotaur Berserker on Sept 10, 2022.
             Was an Elder of Trog.
             Slain by a tentacled starspawn (11 damage)
             ... summoned by Mlioglotl
             ... on level 3 of the Spider Nest.
             The game lasted 00:10:16 (31221 turns).

qw the Severer (Minotaur Berserker)                Turns: 31221, Time: 00:10:17

Health: -5/147     AC: 28    Str: 32    XL:     15   Next: 93%
Magic:  23/23      EV: 10    Int:  7    God:    Trog [****..]
Gold:   1319       SH: 13    Dex: 11    Spells: 14/14 levels left

rFire   + + .      SeeInvis +   w - +2 broad axe (freeze)
rCold   + + .      Faith    .   t - +0 kite shield
rNeg    . . .      Spirit   .   v - +1 plate armour of Cheibriados's Fury {+Blink Int+3}
rPois   +          Reflect  .   y - +1 hat
rElec   +          Harm     .   b - +0 cloak
rCorr   +          Rampage  .   u - +2 pair of gloves
Will    +....                   n - +2 pair of boots
Stlth   ..........              h - amulet of the acrobat
HPRegen 0.34/turn               r - ring "Wifa Gei" {*Corrode rC+ Str+4 SInv}
MPRegen 0.18/turn               o - ring of Axyenwot {Fly rF+ MP+9}

@: about to teleport, resistant, afraid, marked, on berserk cooldown, flying,
slowed, very slow
A: horns 2, retaliatory headbutt, camouflage 1, passive freeze, poison
resistance, MP-powered wands
a: Renounce Religion, Evoke Blink, Berserk, Trog's Hand, Brothers in Arms


You were on level 3 of the Spider Nest.
You worshipped Trog.
Trog was greatly pleased with you.
You visited 4 branches of the dungeon, and saw 25 of its levels.

You collected 2372 gold pieces.
You spent 1053 gold pieces at shops.


Innate Abilities, Weirdness & Mutations

You have a pair of horns on your head.
You reflexively headbutt those who attack you in melee.
Your skin changes colour to match your surroundings (Stealth+).
A frigid envelope surrounds you and freezes all who hurt you.
Your system is resistant to poisons. (rPois)
You expend magic power (3 MP) to strengthen your wands.


   Skills:
 + Level 17.2 Fighting
 - Level 18.0 Axes
 - Level 4.0 Throwing
 - Level 16.0 Armour
 - Level 8.0 Dodging
 - Level 16.0 Shields


You had 14 spell levels left.
You didn't know any spells.
Your spell library was empty.

Inventory:

Hand Weapons
 q - a +0 morningstar
 w - a +2 broad axe of freezing (weapon)
Missiles
 f - 2 boomerangs (quivered)
Armour
 b - a +0 cloak (worn)
 n - a +2 pair of boots (worn)
 p - a +1 chain mail of fire resistance
 t - a +0 kite shield (worn)
 u - a +2 pair of gloves (worn)
 v - the +1 plate armour of Cheibriados's Fury (worn) {+Blink Int+3}
   (You found it on level 4 of the Dungeon)

   Int:       It affects your intelligence (+3).
   +Blink:    It lets you blink.
 y - a +1 hat (worn)
Jewellery
 h - an amulet of the acrobat (around neck)
 l - a +4 ring of evasion
 o - the ring of Axyenwot (right hand) {Fly rF+ MP+9}
   (You acquired it on level 9 of the Dungeon)

   [ring of magical power]

   rF:        It protects you from fire.
   MP:        It affects your magic capacity (+9).
   Fly:       It grants you flight.
 r - the ring "Wifa Gei" (left hand) {*Corrode rC+ Str+4 SInv}
   (You found it on level 11 of the Dungeon)

   [ring of see invisible]

   Str:       It affects your strength (+4).
   rC:        It protects you from cold.
   SInv:      It lets you see invisible.
   *Corrode:  It may corrode you when you take damage.
 s - a +4 ring of protection
 x - an amulet of regeneration
 A - a ring of protection from fire
Scrolls
 a - 11 scrolls of identify
 k - 3 scrolls of teleportation
Potions
 c - a potion of cancellation
 d - 8 potions of resistance
 e - 8 potions of curing
 g - 9 potions of heal wounds
 i - 6 potions of mutation
 j - 4 potions of haste
 m - 3 potions of might

Dungeon Overview and Level Annotations

Branches:
Dungeon (15/15)            Temple (0/1) D:5            Lair (5/5) D:9
  Swamp (0/4) Lair:2       Spider (3/4) Lair:3        Slime (0/5) Lair:5
    Orc (2/2) D:12            Elf (0/3) Orc:2        Vaults (0/5) D:14
 Depths (0/4) D:15

Altars:
Ashenzari
Cheibriados
Dithmenos
Fedhas
Gozag
Ru
Trog
Uskayaw
Wu Jian
The Shining One
Lugonu

Shops:
D:7 :   D:11 (**   Orc:2 ([[!??:

Portals:
Abyss: Lair:5

Annotations:
D:3 2 transporters, qw's ghost, amateur GrFi
Lair:5 3 runed translucent doors, qw's ghost, journeyman MiFi
Spider:3 Mlioglotl
Orc:1 1 runed translucent door, burt's ghost, journeyman DrCj


Message History

The wolf spider closely misses you.
The wolf spider hits you but does no damage.
The wolf spider is very cold.
You kill the wolf spider!
Trog accepts your kill.
The small abomination barely misses you.
Mlioglotl churns violently!
Mlioglotl radiates an aura of fear!
You are terrified of Mlioglotl!
Being near the torpor snail leaves you feeling lethargic.
31221 ||| READING 4 scrolls of teleportation.
As you read the scroll of teleportation, it crumbles to dust.
You feel strangely unstable. You block the wolf spider's attack.
The wolf spider closely misses you.
Mlioglotl churns violently!
Mlioglotl corrupts the dungeon around him!
Tentacles burst from the starspawn's body!
You block the wolf spider's attack.
The wolf spider bites you but does no damage.
The wolf spider hits you.
The wolf spider bites you but does no damage.
The wolf spider is very cold.
The wolf spider is severely wounded.
The small abomination hits you but does no damage.
The small abomination is very cold.
The small abomination is moderately damaged.
The redback bites you but does no damage.
The redback is very cold.
The redback is heavily wounded.
Mlioglotl barely misses you. You furiously retaliate!
You headbutt Mlioglotl, but do no damage.
Mlioglotl tramples you but does no damage.
The sky beast flickers out of sight for a moment.
The sky beast hits you but does no damage.
The sky beast is very cold.
The sky beast is moderately wounded.
The tentacled starspawn bites you!
The tentacled starspawn is very cold.
The tentacled starspawn is lightly damaged.
The tentacled starspawn tentacle-slaps you!
You die...

.~~..~~~~~ ~~~..~~..%
~.~~.~~..~ .s.ss~~~~~~
ss~..~..~%s% ..$... ########
~~~~~~~~sss~~
......##.##5#..#.sB~~.~~~s.s~~
....[....#.VxwYs#~~~..~~..~sss
#........##wX@s.# .~~~~.s~~~
.........#.BssX....~~~~~~~~Bs~
.........y#$.^......~..~..~.s.
...#....w.###.#...#~~..~.^~~~s
.......¤s.>...3#)#.~~
.......w.....#.#.. .~
.......###......>#. ^ .......
.....###. ......# .3.


You could see Mlioglotl (scary), a tentacled starspawn (summoned), a radroach, a
spark wasp, a torpor snail, 2 wolf spiders, a smoke demon (summoned), a pharaoh
ant, a vampire (summoned), 2 tarantellas, 4 redbacks, a sky beast (summoned,
invisible), a small abomination (summoned), 2 starspawn tentacles and a quasit
(summoned).

Vanquished Creatures
  A ghost moth (Spider:2)
  An orc warlord (Orc:2)
  Azrael (D:13)
  An entropy weaver (Spider:2)
  A spark wasp (Spider:3)
  A spriggan skeleton (D:15)
  A boulder beetle (D:15)
  A jorogumo (Spider:2)
  2 hydras
  A radroach (Spider:2)
  A catoblepas (Lair:5)
  3 two-headed ogres
  6 centaur warriors
  2 death yaks (Lair:4)
  An orc high priest (Orc:2)
  4 thrashing horrors (Lair:5)
  12 slime creatures
  A pharaoh ant (Spider:2)
  2 skeletal warriors (D:15)
  2 sun moths (Spider:2)
  4 steelbarb worms
  An orb spider (Spider:3)
  A flayed ghost (D:15)
  A wizard (D:14)
  3 bog bodies (Lair:2)
  A sphinx zombie (D:15)
  A fire giant zombie (D:15)
  A necromancer (D:15)
  3 orc sorcerers (Orc:2)
  9 wolf spiders
  4 ugly things
  A moth of wrath (shapeshifter) (Lair:5)
  4 cyclopes
  7 manticores
  A moth of wrath (Spider:3)
  An elephant (shapeshifter) (Lair:5)
  4 elephants (Lair:4)
  5 black mambas
  A smoke demon (Lair:5)
  Maggie (D:6)
  3 gargoyles
  7 torpor snails
  9 cane toads
  7 komodo dragons
  7 rime drakes
  6 demonic crawlers
  An unseen horror (D:13)
  3 ancient zymes (Lair:5)
  A queen bee (D:11)
  A hornet (shapeshifter) (D:14)
  2 polar bears
  3 hornets
  4 trolls
  12 tarantellas
  28 blink frogs
  Prince Ribbit (D:7)
  A spriggan zombie (D:15)
  3 dream sheep (Lair:5)
  A dream sheep (shapeshifter) (Lair:5)
  A centaur simulacrum (D:15)
  10 culicivoras
  17 jumping spiders
  Sigmund (D:5)
  3 fire elementals (D:13)
  2 spriggans (Lair:5)
  7 basilisks
  2 wraiths
  A ynoxinul (Lair:5)
  A large abomination (Lair:5)
  5 wyverns
  43 yaks
  6 vampire mosquitoes
  17 redbacks
  3 steam dragons
  A chaos spawn (Lair:5)
  A swamp worm (Lair:2)
  Menkaure (D:6)
  3 wargs
  A hell hound (D:13)
  11 small abominations (Lair:5)
  4 acid dragons
  15 water moccasins
  Duvessa (D:7)
  17 orc warriors
  A swamp drake (D:9)
  A sky beast (D:7)
  A black bear (Lair:3)
  6 wolves (Lair:4)
  6 ogres
  23 centaurs
  5 phantoms
  2 necrophages
  4 kobold brigands
  10 bullfrogs
  A gnoll sergeant (D:9)
  A scorpion (D:5)
  9 wights
  Dowan (D:7)
  40 killer bees
  A howler monkey (D:8)
  8 electric eels
  3 gnoll boudas
  A jelly (D:7)
  A hound (D:5)
  23 orc priests
  2 iguanas
  10 hell rats
  29 orc wizards
  6 adders
  15 gnolls
  3 shadow imps
  3 white imps
  A worm (D:2)
  2 dart slugs
  96 orcs
  6 ball pythons
  8 endoplasms
  3 giant cockroaches
  10 hobgoblins
  9 jackals (D:1)
  29 kobolds
  6 quokkas
  5 bats
  5 frilled lizards
  6 goblins
  8 rats
  A butterfly (Lair:3)
784 creatures vanquished.

Vanquished Creatures (collateral kills)
  Jorgrun (Orc:2)
  3 hydras
  A centaur warrior (D:13)
  2 death yaks (Lair:4)
  An orb spider (Spider:2)
  A troll (Orc:2)
  A wyvern (Lair:2)
  2 yaks (Lair:4)
  A warg (Orc:2)
  3 orc warriors (Orc:2)
  A centaur (D:13)
  2 orc priests (Orc:2)
  3 orcs (Orc:2)
  A fungus (Lair:4)
23 creatures vanquished.

Vanquished Creatures (others)
  18 fungi
  46 plants
64 creatures vanquished.

Grand Total: 871 creatures vanquished

Notes
Turn   | Place    | Note
-------+----------+-------------------------------------------
     0 | D:1      | qw the Minotaur Berserker began the quest for the Orb.
     0 | D:1      | Reached XP level 1. HP: 19/19 MP: 0/0
     0 | D:1      | 0 ||| qw: Version: 0.1-a-116-g5d60599
     0 | D:1      | 0 ||| qw: Game counter: 7637
     0 | D:1      | 0 ||| qw: Always use a shield: true
     0 | D:1      | 0 ||| qw: Do Orc after D:15 true
     0 | D:1      | 0 ||| qw: Do second Lair branch before Depths: true
     0 | D:1      | 0 ||| qw: Lair rune preference: random
     0 | D:1      | 0 ||| qw: Plans: Normal
     0 | D:1      | 0 ||| PLANNING D:1-11
   219 | D:1      | Reached skill level 4 in Axes
   318 | D:1      | Reached XP level 2. HP: 26/26 MP: 1/1
   333 | D:1      | 333 ||| Stepping ~*~*~tactically~*~*~ (stealth).
   338 | D:1      | 338 ||| Stepping ~*~*~tactically~*~*~ (stealth).
   339 | D:1      | 339 ||| Stepping ~*~*~tactically~*~*~ (stealth).
   568 | D:1      | 568 ||| Stepping ~*~*~tactically~*~*~ (stealth).
   570 | D:1      | 570 ||| Stepping ~*~*~tactically~*~*~ (stealth).
   578 | D:1      | Reached skill level 5 in Axes
   632 | D:1      | Found a faded altar of an unknown god.
   694 | D:1      | Reached XP level 3. HP: 29/31 MP: 2/2
  1137 | D:1      | 1137 ||| UPGRADING to amulet of the acrobat.
  1142 | D:1      | 1142 ||| UPGRADING to ring of see invisible.
  1143 | D:1      | 1143 ||| READING scroll labelled VENTYE VIAQA.
  1144 | D:1      | 1144 ||| DRINKING 2 red potions.
  1176 | D:2      | 1176 ||| Stepping ~*~*~tactically~*~*~ (stealth).
  1181 | D:2      | Reached ** piety under Trog
  1216 | D:2      | 1216 ||| Stepping ~*~*~tactically~*~*~ (hiding).
  1218 | D:2      | 1218 ||| Stepping ~*~*~tactically~*~*~ (stealth).
  1227 | D:2      | 1227 ||| Stepping ~*~*~tactically~*~*~ (stealth).
  1232 | D:2      | 1232 ||| Stepping ~*~*~tactically~*~*~ (hiding).
  1354 | D:2      | 1354 ||| FLEEEEING.
  1355 | D:2      | 1355 ||| FLEEEEING.
  1356 | D:2      | 1356 ||| FLEEEEING.
  1357 | D:2      | 1357 ||| FLEEEEING.
  1358 | D:2      | 1358 ||| FLEEEEING.
  1359 | D:2      | 1359 ||| FLEEEEING.
  1360 | D:2      | 1360 ||| FLEEEEING.
  1361 | D:2      | 1361 ||| FLEEEEING.
  1362 | D:2      | 1362 ||| FLEEEEING.
  1363 | D:2      | 1363 ||| FLEEEEING.
  1364 | D:2      | 1364 ||| FLEEEEING.
  1365 | D:2      | 1365 ||| FLEEEEING.
  1366 | D:2      | 1366 ||| FLEEEEING.
  1367 | D:2      | 1367 ||| FLEEEEING.
  1368 | D:2      | 1368 ||| FLEEEEING.
  1369 | D:2      | 1369 ||| FLEEEEING.
  1370 | D:2      | 1370 ||| FLEEEEING.
  1371 | D:2      | 1371 ||| FLEEEEING.
  1372 | D:2      | 1372 ||| FLEEEEING.
  1373 | D:2      | 1373 ||| FLEEEEING.
  1374 | D:2      | 1374 ||| FLEEEEING.
  1376 | D:2      | 1376 ||| FLEEEEING.
  1378 | D:2      | 1378 ||| FLEEEEING.
  1380 | D:2      | 1380 ||| FLEEEEING.
  1381 | D:2      | 1381 ||| STAIRDANCE
  1421 | D:1      | 1421 ||| READING scroll labelled CAICKE YNEG.
  1427 | D:2      | 1427 ||| STAIRDANCE
  1796 | D:2      | 1796 ||| Stepping ~*~*~tactically~*~*~ (stealth).
  1798 | D:2      | 1798 ||| Stepping ~*~*~tactically~*~*~ (stealth).
  1814 | D:2      | 1814 ||| INVOKING Berserk.
  1869 | D:2      | 1869 ||| Stepping ~*~*~tactically~*~*~ (stealth).
  1870 | D:2      | 1870 ||| Stepping ~*~*~tactically~*~*~ (stealth).
  1938 | D:2      | Reached XP level 4. HP: 39/39 MP: 3/3
  1980 | D:2      | 1980 ||| DROPPING +0 club.
  2035 | D:2      | Reached skill level 6 in Axes
  2212 | D:2      | Reached skill level 1 in Throwing
  2376 | D:2      | 2376 ||| UPGRADING to +0 pair of gloves.
  2381 | D:2      | 2381 ||| UPGRADING to +0 chain mail.
  2391 | D:2      | 2391 ||| DROPPING +0 animal skin.
  2392 | D:2      | 2392 ||| READING 2 scrolls labelled USAOLY DYAKH.
  2393 | D:2      | 2393 ||| READING scroll labelled DEANAFUSIX.
  2532 | D:2      | 2532 ||| DRINKING 3 grey potions.
  2533 | D:2      | 2533 ||| DRINKING 2 inky potions.
  2534 | D:2      | 2534 ||| DRINKING 2 lumpy puce potions.
  2535 | D:2      | 2535 ||| DROPPING potion of flight.
  2581 | D:3      | 2581 ||| Stepping ~*~*~tactically~*~*~ (stealth).
  2583 | D:3      | 2583 ||| Stepping ~*~*~tactically~*~*~ (stealth).
  2619 | D:3      | Found a transporter.
  2623 | D:3      | Found a transporter.
  2623 | D:3      | Noticed qw's ghost (amateur GrFi)
  2735 | D:3      | 2735 ||| READING scroll of enchant armour.
  2735 | D:3      | 2735 ||| ENCHANTING +0 pair of gloves.
  2805 | D:3      | 2805 ||| INVOKING Berserk.
  2915 | D:3      | Reached XP level 5. HP: 45/45 MP: 4/4
  2915 | D:3      | 2915 ||| Stepping ~*~*~tactically~*~*~ (stealth).
  2947 | D:3      | Found a broken altar of Ashenzari.
  3012 | D:3      | Found a blossoming altar of Fedhas.
  3129 | D:3      | 3129 ||| READING scroll labelled HEPSIJ NECIR.
  3230 | D:3      | 3230 ||| READING scroll labelled WIROCA MIBUL.
  3273 | D:4      | Found a snail-covered altar of Cheibriados.
  3330 | D:4      | Noticed an ogre
  3331 | D:4      | 3331 ||| Stepping ~*~*~tactically~*~*~ (stealth).
  3333 | D:4      | 3333 ||| Stepping ~*~*~tactically~*~*~ (stealth).
  3334 | D:4      | 3334 ||| INVOKING Berserk.
  3339 | D:4      | Killed an ogre
  3340 | D:4      | Reached skill level 7 in Axes
  3363 | D:4      | 3363 ||| Stepping ~*~*~tactically~*~*~ (stealth).
  3365 | D:4      | 3365 ||| Stepping ~*~*~tactically~*~*~ (stealth).
  3550 | D:4      | 3550 ||| SWAPPING to +0 war axe.
  3551 | D:4      | 3551 ||| DROPPING +0 hand axe of venom.
  3562 | D:4      | 3562 ||| INVOKING Berserk.
  3693 | D:4      | Reached XP level 6. HP: 52/52 MP: 5/5
  3715 | D:4      | Identified the +1 plate armour of Cheibriados's Fury
                  | {+Blink Int+3}
  3780 | D:4      | 3780 ||| Stepping ~*~*~tactically~*~*~ (stealth).
  3783 | D:4      | 3783 ||| Stepping ~*~*~tactically~*~*~ (hiding).
  3789 | D:4      | 3789 ||| INVOKING Berserk.
  3976 | D:4      | Reached skill level 8 in Axes
  4035 | D:4      | Reached *** piety under Trog
  4198 | D:4      | 4198 ||| UPGRADING to +0 cloak.
  4203 | D:4      | 4203 ||| UPGRADING to +0 pair of boots.
  4208 | D:4      | 4208 ||| UPGRADING to +1 plate armour of Cheibriados's Fury
                  | {+Blink Int+3}.
  4218 | D:4      | 4218 ||| DROPPING +0 chain mail.
  4219 | D:4      | 4219 ||| READING scroll labelled ISEKAN GADA.
  4220 | D:4      | 4220 ||| DRINKING 2 blue potions.
  4220 | D:4      | Gained mutation: Your system is resistant to poisons.
                  | (rPois) [potion of mutation]
  4220 | D:4      | Gained mutation: Your skin changes colour to match your
                  | surroundings (Stealth+). [potion of mutation]
  4220 | D:4      | Gained mutation: A frigid envelope surrounds you and
                  | freezes all who hurt you. [potion of mutation]
  4220 | D:4      | Gained mutation: You expend magic power (3 MP) to
                  | strengthen your wands. [potion of mutation]
  4221 | D:4      | 4221 ||| DRINKING 2 black potions.
  4254 | D:5      | Entered Level 5 of the Dungeon
  4257 | D:5      | 4257 ||| INVOKING Berserk.
  4260 | D:5      | Reached skill level 3 in Armour
  4267 | D:5      | Reached XP level 7. HP: 59/59 MP: 6/6
  4273 | D:5      | Reached skill level 9 in Axes
  4375 | D:5      | Found a staircase to the Ecumenical Temple.
  4417 | D:5      | 4417 ||| Stepping ~*~*~tactically~*~*~ (hiding).
  4574 | D:5      | Found a shadowy altar of Dithmenos.
  4574 | D:5      | Found a glowing golden altar of the Shining One.
  4741 | D:5      | Found a hide-covered altar of Uskayaw.
  4784 | D:5      | Noticed Sigmund
  4786 | D:5      | 4786 ||| Stepping ~*~*~tactically~*~*~ (hiding).
  4788 | D:5      | 4788 ||| INVOKING Berserk.
  4790 | D:5      | Killed Sigmund
  4791 | D:5      | Reached skill level 10 in Axes
  4791 | D:5      | Reached XP level 8. HP: 68/68 MP: 7/7
  5050 | D:5      | 5050 ||| READING 2 scrolls of identify.
  5050 | D:5      | 5050 ||| IDENTIFYING cyan potion
  5061 | D:6      | Noticed Menkaure
  5061 | D:6      | Noticed a gargoyle
  5063 | D:6      | 5063 ||| INVOKING Berserk.
  5066 | D:6      | Killed Menkaure
  5067 | D:6      | Reached skill level 6 in Fighting
  5077 | D:6      | Killed a gargoyle
  5078 | D:6      | Reached skill level 11 in Axes
  5078 | D:6      | 5078 ||| STAIRDANCE
  5249 | D:6      | Noticed Maggie
  5259 | D:6      | Killed Maggie
  5260 | D:6      | Reached XP level 9. HP: 70/75 MP: 8/8
  5308 | D:6      | 5308 ||| INVOKING Berserk.
  5332 | D:6      | 5332 ||| Stepping ~*~*~tactically~*~*~ (stealth).
  5333 | D:6      | 5333 ||| Stepping ~*~*~tactically~*~*~ (stealth).
  5346 | D:6      | Reached skill level 12 in Axes
  5426 | D:6      | Found an opulent altar of Gozag.
  5659 | D:6      | 5659 ||| INVOKING Berserk.
  5917 | D:6      | 5917 ||| READING scroll labelled ULIOVE QAESCHEOC.
  5918 | D:6      | 5918 ||| READING scroll labelled UNARIMM QAENK.
  5919 | D:6      | 5919 ||| READING scroll labelled CIRREA QIRA NOACONG.
  5920 | D:6      | 5920 ||| DRINKING 2 lumpy coppery potions.
  5921 | D:6      | 5921 ||| READING 2 scrolls of identify.
  5921 | D:6      | 5921 ||| IDENTIFYING sedimented brown potion
  5922 | D:6      | 5922 ||| DROPPING potion of lignification.
  5923 | D:6      | 5923 ||| DROPPING potion of attraction.
  5962 | D:7      | Reached **** piety under Trog
  6081 | D:7      | Noticed Dowan
  6082 | D:7      | Noticed Duvessa
  6085 | D:7      | 6085 ||| INVOKING Berserk.
  6087 | D:7      | Killed Dowan
  6088 | D:7      | Reached skill level 3 in Throwing
  6094 | D:7      | Killed Duvessa
  6247 | D:7      | Reached skill level 13 in Axes
  6537 | D:7      | Noticed Prince Ribbit
  6539 | D:7      | 6539 ||| INVOKING Berserk.
  6543 | D:7      | Killed Prince Ribbit
  6730 | D:7      | Found Vetop's Book Shop.
  6770 | D:7      | 6770 ||| Stepping ~*~*~tactically~*~*~ (hiding).
  6884 | D:7      | 6884 ||| INVOKING Berserk.
  6970 | D:7      | 6970 ||| INVOKING Berserk.
  7726 | D:7      | 7726 ||| READING scroll labelled MEMOOQ UQO EVVAS.
  7727 | D:7      | 7727 ||| READING 2 scrolls of identify.
  7727 | D:7      | 7727 ||| IDENTIFYING sapphire potion
  7728 | D:7      | 7728 ||| DROPPING potion of magic.
  7765 | D:8      | 7765 ||| STAIRDANCE
  7782 | D:8      | Reached XP level 10. HP: 78/89 MP: 9/9
  7785 | D:8      | Reached skill level 14 in Axes
  7785 | D:8      | 7785 ||| STAIRDANCE
  7960 | D:8      | 7960 ||| Stepping ~*~*~tactically~*~*~ (stealth).
  8028 | D:8      | 8028 ||| Stepping ~*~*~tactically~*~*~ (hiding).
  8031 | D:8      | 8031 ||| INVOKING Berserk.
  8153 | D:8      | Found an ornate altar of the Wu Jian Council.
  8160 | D:8      | 8160 ||| Stepping ~*~*~tactically~*~*~ (hiding).
  8161 | D:8      | 8161 ||| Stepping ~*~*~tactically~*~*~ (hiding).
  8335 | D:8      | 8335 ||| Stepping ~*~*~tactically~*~*~ (hiding).
  8337 | D:8      | 8337 ||| Stepping ~*~*~tactically~*~*~ (hiding).
  8427 | D:8      | 8427 ||| DROPPING +0 flail.
  8460 | D:8      | Identified the +7 hand axe of Perversion {antimagic, Fly
                  | rF- Str+4}
  8465 | D:8      | 8465 ||| SWAPPING to +7 hand axe of Perversion {antimagic,
                  | Fly rF- Str+4}.
  8467 | D:8      | 8467 ||| Stepping ~*~*~tactically~*~*~ (stealth).
  8488 | D:8      | 8488 ||| Stepping ~*~*~tactically~*~*~ (stealth).
  8492 | D:8      | Reached skill level 3 in Dodging
  8635 | D:8      | 8635 ||| READING scroll labelled LOLOIFUCEST.
  8639 | D:8      | 8639 ||| DRINKING 2 sedimented amethyst potions.
  8640 | D:8      | 8640 ||| DROPPING potion of degeneration.
  8735 | D:9      | 8735 ||| Stepping ~*~*~tactically~*~*~ (stealth).
  8743 | D:9      | 8743 ||| Stepping ~*~*~tactically~*~*~ (stealth).
  8746 | D:9      | 8746 ||| Stepping ~*~*~tactically~*~*~ (stealth).
  8753 | D:9      | Reached skill level 9 in Fighting
  8776 | D:9      | Reached skill level 9 in Armour
  9130 | D:9      | 9130 ||| Stepping ~*~*~tactically~*~*~ (hiding).
  9136 | D:9      | 9136 ||| INVOKING Berserk.
  9270 | D:9      | Reached XP level 11. HP: 97/100 MP: 3/10
  9335 | D:9      | 9335 ||| INVOKING Berserk.
  9407 | D:9      | 9407 ||| Stepping ~*~*~tactically~*~*~ (stealth).
  9431 | D:9      | 9431 ||| INVOKING Berserk.
  9910 | D:9      | 9910 ||| INVOKING Berserk.
 10072 | D:9      | 10072 ||| INVOKING Berserk.
 10088 | D:9      | 10088 ||| Stepping ~*~*~tactically~*~*~ (stealth).
 10178 | D:9      | Found a staircase to the Lair.
 10376 | D:9      | 10376 ||| PLANNING LAIR
 10376 | D:9      | 10376 ||| UPGRADING to +1 pair of boots.
 10386 | D:9      | 10386 ||| DROPPING +0 pair of boots.
 10387 | D:9      | 10387 ||| READING scroll labelled XAOZOSOATIS.
 10387 | D:9      | Identified a scroll of acquirement
 10387 | D:9      | 10387 ||| ACQUIRING ring of Axyenwot {Fly rF+ MP+9}
 10387 | D:9      | Acquired the ring of Axyenwot {Fly rF+ MP+9}
 10389 | D:9      | 10389 ||| UPGRADING to ring of Axyenwot {Fly rF+ MP+9}.
 10390 | D:9      | 10390 ||| SWAPPING to +0 war axe.
 10491 | D:9      | 10491 ||| DRINKING 2 emerald potions.
 10492 | D:9      | 10492 ||| READING 2 scrolls of identify.
 10492 | D:9      | 10492 ||| IDENTIFYING smoky white potion
 10493 | D:9      | 10493 ||| DROPPING potion of brilliance.
 10590 | Lair:1   | Entered Level 1 of the Lair of Beasts
 10615 | Lair:1   | 10615 ||| Stepping ~*~*~tactically~*~*~ (stealth).
 10628 | Lair:1   | Reached ***** piety under Trog
 10681 | Lair:1   | 10681 ||| INVOKING Berserk.
 10736 | Lair:1   | 10736 ||| INVOKING Berserk.
 10752 | Lair:1   | Reached skill level 15 in Axes
 11012 | Lair:1   | 11012 ||| Stepping ~*~*~tactically~*~*~ (stealth).
 11015 | Lair:1   | 11015 ||| INVOKING Berserk.
 11264 | Lair:1   | Found a bloodstained altar of Trog.
 11274 | Lair:1   | 11274 ||| INVOKING Berserk.
 11676 | Lair:1   | 11676 ||| READING scroll labelled TECOBA PYVOIK.
 11711 | Lair:2   | 11711 ||| INVOKING Berserk.
 11855 | Lair:2   | 11855 ||| INVOKING Berserk.
 12066 | Lair:2   | 12066 ||| Stepping ~*~*~tactically~*~*~ (stealth).
 12067 | Lair:2   | Noticed an eight-headed hydra
 12069 | Lair:2   | 12069 ||| INVOKING Brothers in Arms.
 12070 | Lair:2   | 12070 ||| INVOKING Brothers in Arms.
 12071 | Lair:2   | 12071 ||| SWAPPING to +0 morningstar.
 12072 | Lair:2   | 12072 ||| INVOKING Berserk.
 12074 | Lair:2   | Killed an eight-headed hydra
 12075 | Lair:2   | Reached skill level 16 in Axes
 12083 | Lair:2   | 12083 ||| SWAPPING to +0 war axe.
 12260 | Lair:2   | 12260 ||| INVOKING Berserk.
 12440 | Lair:2   | Noticed a bog body
 12444 | Lair:2   | Noticed a bog body
 12445 | Lair:2   | 12445 ||| Stepping ~*~*~tactically~*~*~ (stealth).
 12446 | Lair:2   | 12446 ||| INVOKING Berserk.
 12446 | Lair:2   | HP: 31/153 [bog body (26)]
 12448 | Lair:2   | Killed a bog body
 12459 | Lair:2   | 12459 ||| Stepping ~*~*~tactically~*~*~ (stealth).
 12461 | Lair:2   | 12461 ||| Stepping ~*~*~tactically~*~*~ (stealth).
 12481 | Lair:2   | HP: 17/104 [bog body (10)]
 12482 | Lair:2   | 12482 ||| DRINKING 6 potions of heal wounds.
 12483 | Lair:2   | 12483 ||| DRINKING 5 potions of heal wounds.
 12485 | Lair:2   | Killed a bog body
 12486 | Lair:2   | Reached skill level 12 in Fighting
 12486 | Lair:2   | Reached XP level 12. HP: 44/112 MP: 11/11
 12859 | Lair:2   | 12859 ||| INVOKING Berserk.
 13196 | Lair:2   | Found a staircase to the Swamp.
 13198 | Lair:2   | 13198 ||| INVOKING Berserk.
 13204 | Lair:2   | Reached skill level 12 in Armour
 13311 | Lair:2   | 13311 ||| READING 2 scrolls of identify.
 13311 | Lair:2   | 13311 ||| IDENTIFYING fuming silvery potion
 13312 | Lair:2   | 13312 ||| DROPPING potion of ambrosia.
 13578 | Lair:3   | 13578 ||| Stepping ~*~*~tactically~*~*~ (stealth).
 13581 | Lair:3   | 13581 ||| Stepping ~*~*~tactically~*~*~ (stealth).
 13589 | Lair:3   | 13589 ||| FLEEEEING.
 13592 | Lair:3   | 13592 ||| Stepping ~*~*~tactically~*~*~ (stealth).
 13683 | Lair:3   | You are sucked into a shaft and drop 1 floor!
 13685 | Lair:4   | 13685 ||| Stepping ~*~*~tactically~*~*~ (stealth).
 13705 | Lair:4   | 13705 ||| Stepping ~*~*~tactically~*~*~ (stealth).
 13720 | Lair:4   | 13720 ||| Stepping ~*~*~tactically~*~*~ (stealth).
 13740 | Lair:4   | 13740 ||| Stepping ~*~*~tactically~*~*~ (stealth).
 13749 | Lair:4   | 13749 ||| Stepping ~*~*~tactically~*~*~ (stealth).
 13971 | Lair:4   | 13971 ||| DROPPING ring of willpower.
 13985 | Lair:3   | 13985 ||| INVOKING Berserk.
 14139 | Lair:3   | 14139 ||| Stepping ~*~*~tactically~*~*~ (stealth).
 14140 | Lair:3   | 14140 ||| Stepping ~*~*~tactically~*~*~ (stealth).
 14142 | Lair:3   | 14142 ||| Stepping ~*~*~tactically~*~*~ (stealth).
 14143 | Lair:3   | 14143 ||| Stepping ~*~*~tactically~*~*~ (stealth).
 14276 | Lair:3   | 14276 ||| INVOKING Berserk.
 14351 | Lair:3   | Found a hole to the Spider Nest.
 14666 | Lair:3   | 14666 ||| Stepping ~*~*~tactically~*~*~ (stealth).
 14669 | Lair:3   | 14669 ||| INVOKING Berserk.
 14825 | Lair:3   | 14825 ||| Stepping ~*~*~tactically~*~*~ (hiding).
 15071 | Lair:3   | 15071 ||| DROPPING +1 pair of gloves.
 15090 | Lair:4   | Reached skill level 6 in Dodging
 15127 | Lair:4   | 15127 ||| Stepping ~*~*~tactically~*~*~ (stealth).
 15129 | Lair:4   | 15129 ||| Stepping ~*~*~tactically~*~*~ (stealth).
 15191 | Lair:4   | 15191 ||| Stepping ~*~*~tactically~*~*~ (stealth).
 15194 | Lair:4   | 15194 ||| Stepping ~*~*~tactically~*~*~ (stealth).
 15209 | Lair:4   | 15209 ||| Stepping ~*~*~tactically~*~*~ (stealth).
 15276 | Lair:4   | 15276 ||| Stepping ~*~*~tactically~*~*~ (stealth).
 15277 | Lair:4   | 15277 ||| Stepping ~*~*~tactically~*~*~ (stealth).
 15351 | Lair:4   | 15351 ||| INVOKING Berserk.
 15461 | Lair:4   | 15461 ||| INVOKING Berserk.
 15466 | Lair:4   | Reached XP level 13. HP: 125/125 MP: 12/12
 15468 | Lair:4   | Reached skill level 15 in Fighting
 15624 | Lair:4   | 15624 ||| INVOKING Brothers in Arms.
 15625 | Lair:4   | 15625 ||| INVOKING Brothers in Arms.
 15627 | Lair:4   | 15627 ||| INVOKING Berserk.
 15734 | Lair:4   | 15734 ||| SWAPPING to +0 broad axe.
 15735 | Lair:4   | 15735 ||| DROPPING +7 hand axe of Perversion {antimagic,
                  | Fly rF- Str+4}.
 15736 | Lair:4   | 15736 ||| DROPPING +0 war axe.
 15758 | Lair:4   | 15758 ||| INVOKING Berserk.
 15999 | Lair:4   | 15999 ||| FLEEEEING.
 16001 | Lair:4   | 16001 ||| FLEEEEING.
 16002 | Lair:4   | 16002 ||| FLEEEEING.
 16003 | Lair:4   | 16003 ||| FLEEEEING.
 16004 | Lair:4   | 16004 ||| FLEEEEING.
 16005 | Lair:4   | 16005 ||| FLEEEEING.
 16006 | Lair:4   | 16006 ||| FLEEEEING.
 16007 | Lair:4   | 16007 ||| FLEEEEING.
 16008 | Lair:4   | 16008 ||| FLEEEEING.
 16009 | Lair:4   | 16009 ||| FLEEEEING.
 16010 | Lair:4   | 16010 ||| FLEEEEING.
 16011 | Lair:4   | 16011 ||| INVOKING Berserk.
 16133 | Lair:4   | Found a snail-covered altar of Cheibriados.
 16146 | Lair:4   | 16146 ||| Stepping ~*~*~tactically~*~*~ (stealth).
 16175 | Lair:4   | 16175 ||| FLEEEEING.
 16177 | Lair:4   | 16177 ||| FLEEEEING.
 16178 | Lair:4   | 16178 ||| FLEEEEING.
 16179 | Lair:4   | 16179 ||| FLEEEEING.
 16180 | Lair:4   | 16180 ||| FLEEEEING.
 16181 | Lair:4   | 16181 ||| INVOKING Berserk.
 16501 | Lair:4   | 16501 ||| FLEEEEING.
 16502 | Lair:4   | 16502 ||| FLEEEEING.
 16503 | Lair:4   | 16503 ||| FLEEEEING.
 16504 | Lair:4   | 16504 ||| INVOKING Berserk.
 16709 | Lair:4   | 16709 ||| READING scroll labelled SIKICK RINLUTT.
 16734 | Lair:5   | Entered Level 5 of the Lair of Beasts
 16741 | Lair:5   | 16741 ||| STAIRDANCE
 16748 | Lair:5   | 16748 ||| STAIRDANCE
 16859 | Lair:5   | 16859 ||| Stepping ~*~*~tactically~*~*~ (hiding).
 16861 | Lair:5   | 16861 ||| Stepping ~*~*~tactically~*~*~ (hiding).
 16866 | Lair:5   | Reached skill level 17 in Axes
 16997 | Lair:5   | 16997 ||| Stepping ~*~*~tactically~*~*~ (cloud).
 17000 | Lair:5   | 17000 ||| Stepping ~*~*~tactically~*~*~ (cloud).
 17001 | Lair:5   | 17001 ||| INVOKING Berserk.
 17230 | Lair:5   | 17230 ||| INVOKING Berserk.
 17414 | Lair:5   | Found a runed translucent gate.
 17415 | Lair:5   | Found a runed translucent gate.
 17415 | Lair:5   | Found a runed translucent gate.
 17417 | Lair:5   | Noticed qw's ghost (journeyman MiFi)
 17572 | Lair:5   | Found a staircase to the Slime Pits.
 17626 | Lair:5   | 17626 ||| INVOKING Berserk.
 17789 | Lair:5   | 17789 ||| INVOKING Berserk.
 17857 | Lair:5   | 17857 ||| INVOKING Brothers in Arms.
 17858 | Lair:5   | 17858 ||| INVOKING Brothers in Arms.
 17860 | Lair:5   | 17860 ||| SWAPPING to +0 morningstar.
 17862 | Lair:5   | 17862 ||| INVOKING Berserk.
 17887 | Lair:5   | 17887 ||| SWAPPING to +0 broad axe.
 18168 | Lair:5   | 18168 ||| INVOKING Berserk.
 18292 | Lair:5   | 18292 ||| Stepping ~*~*~tactically~*~*~ (hiding).
 18294 | Lair:5   | 18294 ||| Stepping ~*~*~tactically~*~*~ (stealth).
 18295 | Lair:5   | 18295 ||| Stepping ~*~*~tactically~*~*~ (hiding).
 18298 | Lair:5   | 18298 ||| Stepping ~*~*~tactically~*~*~ (stealth).
 18299 | Lair:5   | 18299 ||| INVOKING Berserk.
 18303 | Lair:5   | Reached skill level 18 in Axes
 18327 | Lair:5   | 18327 ||| Stepping ~*~*~tactically~*~*~ (stealth).
 18362 | Lair:5   | 18362 ||| INVOKING Berserk.
 18478 | Lair:5   | 18478 ||| Stepping ~*~*~tactically~*~*~ (hiding).
 18479 | Lair:5   | 18479 ||| Stepping ~*~*~tactically~*~*~ (hiding).
 18484 | Lair:5   | 18484 ||| INVOKING Berserk.
 18518 | Lair:5   | 18518 ||| Stepping ~*~*~tactically~*~*~ (hiding).
 18519 | Lair:5   | 18519 ||| Stepping ~*~*~tactically~*~*~ (hiding).
 18520 | Lair:5   | 18520 ||| Stepping ~*~*~tactically~*~*~ (hiding).
 18523 | Lair:5   | 18523 ||| DRINKING potion of cancellation.
 18527 | Lair:5   | 18527 ||| FLEEEEING.
 18528 | Lair:5   | 18528 ||| FLEEEEING.
 18529 | Lair:5   | 18529 ||| FLEEEEING.
 18530 | Lair:5   | 18530 ||| FLEEEEING.
 18531 | Lair:5   | 18531 ||| FLEEEEING.
 18532 | Lair:5   | 18532 ||| FLEEEEING.
 18534 | Lair:5   | 18534 ||| FLEEEEING.
 18535 | Lair:5   | 18535 ||| FLEEEEING.
 18536 | Lair:5   | 18536 ||| FLEEEEING.
 18537 | Lair:5   | 18537 ||| FLEEEEING.
 18538 | Lair:5   | 18538 ||| FLEEEEING.
 18539 | Lair:5   | 18539 ||| FLEEEEING.
 18542 | Lair:5   | 18542 ||| FLEEEEING.
 18543 | Lair:5   | 18543 ||| FLEEEEING.
 18544 | Lair:5   | 18544 ||| FLEEEEING.
 18545 | Lair:5   | 18545 ||| FLEEEEING.
 18546 | Lair:5   | 18546 ||| FLEEEEING.
 18547 | Lair:5   | 18547 ||| FLEEEEING.
 18548 | Lair:5   | 18548 ||| FLEEEEING.
 18549 | Lair:5   | 18549 ||| FLEEEEING.
 18550 | Lair:5   | 18550 ||| FLEEEEING.
 18551 | Lair:5   | 18551 ||| FLEEEEING.
 18556 | Lair:5   | Reached skill level 15 in Armour
 18681 | Lair:5   | 18681 ||| Stepping ~*~*~tactically~*~*~ (hiding).
 18684 | Lair:5   | 18684 ||| Stepping ~*~*~tactically~*~*~ (stealth).
 18685 | Lair:5   | 18685 ||| Stepping ~*~*~tactically~*~*~ (stealth).
 18785 | Lair:5   | 18785 ||| INVOKING Berserk.
 18831 | Lair:5   | 18831 ||| FLEEEEING.
 18832 | Lair:5   | 18832 ||| FLEEEEING.
 19054 | Lair:5   | 19054 ||| FLEEEEING.
 19055 | Lair:5   | 19055 ||| FLEEEEING.
 19056 | Lair:5   | 19056 ||| FLEEEEING.
 19057 | Lair:5   | 19057 ||| FLEEEEING.
 19058 | Lair:5   | 19058 ||| FLEEEEING.
 19059 | Lair:5   | 19059 ||| FLEEEEING.
 19060 | Lair:5   | 19060 ||| FLEEEEING.
 19061 | Lair:5   | 19061 ||| FLEEEEING.
 19062 | Lair:5   | 19062 ||| FLEEEEING.
 19063 | Lair:5   | 19063 ||| FLEEEEING.
 19064 | Lair:5   | 19064 ||| FLEEEEING.
 19065 | Lair:5   | 19065 ||| FLEEEEING.
 19066 | Lair:5   | 19066 ||| FLEEEEING.
 19067 | Lair:5   | 19067 ||| FLEEEEING.
 19068 | Lair:5   | 19068 ||| FLEEEEING.
 19069 | Lair:5   | 19069 ||| FLEEEEING.
 19070 | Lair:5   | 19070 ||| FLEEEEING.
 19071 | Lair:5   | 19071 ||| FLEEEEING.
 19072 | Lair:5   | 19072 ||| INVOKING Berserk.
 19304 | Lair:5   | Found a corrupted altar of Lugonu.
 19304 | Lair:5   | Found a one-way gate to the infinite horrors of the Abyss.
 19498 | Lair:5   | 19498 ||| PLANNING D:1-11
 19498 | Lair:5   | 19498 ||| DROPPING amulet of magic regeneration.
 19655 | D:10     | Entered Level 10 of the Dungeon
 19691 | D:10     | Reached XP level 14. HP: 131/137 MP: 13/13
 19798 | D:10     | Found a sacrificial altar of Ru.
 19805 | D:10     | 19805 ||| Stepping ~*~*~tactically~*~*~ (stealth).
 19808 | D:10     | 19808 ||| Stepping ~*~*~tactically~*~*~ (stealth).
 19809 | D:10     | 19809 ||| Stepping ~*~*~tactically~*~*~ (stealth).
 20083 | D:10     | 20083 ||| Stepping ~*~*~tactically~*~*~ (stealth).
 20210 | D:10     | 20210 ||| DROPPING ring of magical power.
 20312 | D:11     | 20312 ||| Stepping ~*~*~tactically~*~*~ (hiding).
 20383 | D:11     | 20383 ||| Stepping ~*~*~tactically~*~*~ (hiding).
 20385 | D:11     | 20385 ||| FLEEEEING.
 20394 | D:11     | 20394 ||| FLEEEEING.
 20395 | D:11     | 20395 ||| FLEEEEING.
 20397 | D:11     | 20397 ||| FLEEEEING.
 20398 | D:11     | 20398 ||| FLEEEEING.
 20399 | D:11     | 20399 ||| FLEEEEING.
 20400 | D:11     | 20400 ||| FLEEEEING.
 20401 | D:11     | 20401 ||| FLEEEEING.
 20402 | D:11     | 20402 ||| FLEEEEING.
 20403 | D:11     | 20403 ||| FLEEEEING.
 20404 | D:11     | 20404 ||| FLEEEEING.
 20405 | D:11     | 20405 ||| FLEEEEING.
 20406 | D:11     | 20406 ||| FLEEEEING.
 20407 | D:11     | 20407 ||| FLEEEEING.
 20408 | D:11     | 20408 ||| FLEEEEING.
 20409 | D:11     | 20409 ||| FLEEEEING.
 20410 | D:11     | 20410 ||| FLEEEEING.
 20411 | D:11     | 20411 ||| FLEEEEING.
 20418 | D:11     | 20418 ||| FLEEEEING.
 20419 | D:11     | 20419 ||| FLEEEEING.
 20420 | D:11     | 20420 ||| FLEEEEING.
 20426 | D:11     | 20426 ||| FLEEEEING.
 20427 | D:11     | 20427 ||| FLEEEEING.
 20428 | D:11     | 20428 ||| FLEEEEING.
 20429 | D:11     | 20429 ||| FLEEEEING.
 20430 | D:11     | 20430 ||| FLEEEEING.
 20431 | D:11     | 20431 ||| FLEEEEING.
 20432 | D:11     | 20432 ||| FLEEEEING.
 20433 | D:11     | 20433 ||| FLEEEEING.
 20434 | D:11     | 20434 ||| FLEEEEING.
 20437 | D:11     | 20437 ||| STAIRDANCE
 20546 | D:11     | 20546 ||| Stepping ~*~*~tactically~*~*~ (stealth).
 20562 | D:11     | 20562 ||| INVOKING Berserk.
 20582 | D:11     | Received a gift from Trog
 20587 | D:11     | 20587 ||| Stepping ~*~*~tactically~*~*~ (stealth).
 20886 | D:11     | Found Qodec's Weapon Shop.
 20941 | D:11     | Found Zasch's Specific Store.
 20943 | D:11     | Found Ibragg's General Store.
 20953 | D:11     | 20953 ||| BUYING scroll of identify (32 gold).
 20953 | D:11     | Bought a scroll of identify for 32 gold pieces
 20953 | D:11     | 20953 ||| BUYING scroll of identify (32 gold).
 20953 | D:11     | Bought a scroll of identify for 32 gold pieces
 21053 | D:11     | Identified the ring "Wifa Gei" {*Corrode rC+ Str+4 SInv}
 21073 | D:11     | You are sucked into a shaft and drop 2 floors!
 21097 | D:13     | 21097 ||| UPGRADING to +0 kite shield.
 21102 | D:13     | 21102 ||| UPGRADING to +2 pair of gloves.
 21112 | D:13     | 21112 ||| DROPPING +1 pair of gloves.
 21113 | D:13     | 21113 ||| UPGRADING to ring "Wifa Gei" {*Corrode rC+ Str+4
                  | SInv}.
 21115 | D:13     | 21115 ||| DROPPING ring of see invisible.
 21116 | D:13     | 21116 ||| READING scroll labelled SYG ZUSCHESEDGH.
 21127 | D:12     | Reached skill level 1 in Shields
 21207 | D:12     | 21207 ||| Stepping ~*~*~tactically~*~*~ (hiding).
 21638 | D:11     | 21638 ||| PLANNING D
 21652 | D:12     | 21652 ||| STAIRDANCE
 21761 | D:12     | Reached skill level 3 in Shields
 21818 | D:12     | 21818 ||| Stepping ~*~*~tactically~*~*~ (stealth).
 21820 | D:12     | 21820 ||| Stepping ~*~*~tactically~*~*~ (stealth).
 21821 | D:12     | 21821 ||| Stepping ~*~*~tactically~*~*~ (stealth).
 21823 | D:12     | 21823 ||| Stepping ~*~*~tactically~*~*~ (hiding).
 21970 | D:12     | 21970 ||| Stepping ~*~*~tactically~*~*~ (stealth).
 21976 | D:12     | 21976 ||| Stepping ~*~*~tactically~*~*~ (hiding).
 22175 | D:12     | Found a staircase to the Orcish Mines.
 22176 | D:12     | 22176 ||| Stepping ~*~*~tactically~*~*~ (hiding).
 22185 | D:12     | 22185 ||| Stepping ~*~*~tactically~*~*~ (hiding).
 22447 | D:13     | 22447 ||| INVOKING Brothers in Arms.
 22449 | D:13     | 22449 ||| SWAPPING to +0 morningstar.
 22450 | D:13     | 22450 ||| INVOKING Berserk.
 22532 | D:13     | 22532 ||| SWAPPING to +0 broad axe.
 22544 | D:13     | 22544 ||| READING scroll of enchant armour.
 22544 | D:13     | 22544 ||| ENCHANTING +1 pair of boots.
 22554 | D:13     | 22554 ||| INVOKING Brothers in Arms.
 22555 | D:13     | 22555 ||| SWAPPING to +0 morningstar.
 22556 | D:13     | 22556 ||| INVOKING Berserk.
 22562 | D:13     | 22562 ||| SWAPPING to +0 broad axe.
 22691 | D:13     | Noticed Azrael
 22692 | D:13     | 22692 ||| INVOKING Brothers in Arms.
 22694 | D:13     | 22694 ||| INVOKING Berserk.
 22699 | D:13     | Killed Azrael
 22700 | D:13     | Reached skill level 6 in Shields
 22828 | D:13     | 22828 ||| Stepping ~*~*~tactically~*~*~ (stealth).
 22866 | D:13     | 22866 ||| DRINKING 5 potions of curing.
 22866 | D:13     | 22866 ||| (to cure confusion)
 22944 | D:13     | 22944 ||| INVOKING Berserk.
 23319 | D:13     | 23319 ||| Stepping ~*~*~tactically~*~*~ (hiding).
 23322 | D:13     | 23322 ||| Stepping ~*~*~tactically~*~*~ (hiding).
 23345 | D:13     | 23345 ||| Stepping ~*~*~tactically~*~*~ (hiding).
 23689 | D:13     | 23689 ||| READING scroll labelled COIHAPP ZOLO KUA.
 23734 | D:14     | 23734 ||| Stepping ~*~*~tactically~*~*~ (hiding).
 23867 | D:14     | 23867 ||| INVOKING Brothers in Arms.
 23868 | D:14     | 23868 ||| SWAPPING to +0 morningstar.
 23869 | D:14     | 23869 ||| INVOKING Berserk.
 23871 | D:14     | Reached skill level 9 in Shields
 23892 | D:14     | 23892 ||| SWAPPING to +1 broad axe.
 24098 | D:14     | 24098 ||| Stepping ~*~*~tactically~*~*~ (hiding).
 24364 | D:14     | 24364 ||| INVOKING Berserk.
 24760 | D:14     | 24760 ||| Stepping ~*~*~tactically~*~*~ (hiding).
 24767 | D:14     | 24767 ||| INVOKING Trog's Hand.
 24787 | D:14     | Found a gate to the Vaults.
 24888 | D:15     | Entered Level 15 of the Dungeon
 24904 | D:15     | 24904 ||| Stepping ~*~*~tactically~*~*~ (stealth).
 24917 | D:15     | 24917 ||| Stepping ~*~*~tactically~*~*~ (hiding).
 24918 | D:15     | 24918 ||| Stepping ~*~*~tactically~*~*~ (hiding).
 24927 | D:15     | 24927 ||| INVOKING Berserk.
 24931 | D:15     | Found a staircase to the Depths.
 24956 | D:15     | HP: 24/138 [boulder beetle (21)]
 24957 | D:15     | 24957 ||| READING 6 scrolls of teleportation.
 24958 | D:15     | 24958 ||| DRINKING 11 potions of heal wounds.
 24963 | D:15     | HP: 30/138 [centaur warrior (8)]
 24964 | D:15     | 24964 ||| READING 5 scrolls of teleportation.
 24965 | D:15     | 24965 ||| DRINKING 10 potions of heal wounds.
 25033 | D:15     | 25033 ||| INVOKING Berserk.
 25454 | D:15     | 25454 ||| INVOKING Berserk.
 25463 | D:15     | Reached skill level 12 in Shields
 25655 | D:15     | 25655 ||| INVOKING Berserk.
 25660 | D:15     | Reached XP level 15. HP: 146/146 MP: 14/14
 26226 | D:15     | 26226 ||| PLANNING ORC
 26226 | D:15     | 26226 ||| DROPPING +2 pair of boots.
 26321 | Orc:1    | Entered Level 1 of the Orcish Mines
 26597 | Orc:1    | Found a runed translucent door.
 26600 | Orc:1    | Noticed burt's ghost (journeyman DrCj)
 26629 | Orc:1    | 26629 ||| Stepping ~*~*~tactically~*~*~ (hiding).
 26630 | Orc:1    | 26630 ||| Stepping ~*~*~tactically~*~*~ (hiding).
 26906 | Orc:2    | Entered Level 2 of the Orcish Mines
 26909 | Orc:2    | Found Ecluet's Distillery.
 26914 | Orc:2    | 26914 ||| INVOKING Trog's Hand.
 26915 | Orc:2    | 26915 ||| INVOKING Berserk.
 26925 | Orc:2    | Found Etiwof's Magic Scroll Shop.
 26953 | Orc:2    | 26953 ||| FLEEEEING.
 26954 | Orc:2    | 26954 ||| FLEEEEING.
 26955 | Orc:2    | 26955 ||| FLEEEEING.
 26956 | Orc:2    | 26956 ||| FLEEEEING.
 26957 | Orc:2    | 26957 ||| FLEEEEING.
 26958 | Orc:2    | 26958 ||| FLEEEEING.
 26959 | Orc:2    | 26959 ||| STAIRDANCE
 27124 | Orc:2    | 27124 ||| BUYING 2 potions of cancellation (192 gold).
 27124 | Orc:2    | Bought 2 potions of cancellation for 192 gold pieces
 27124 | Orc:2    | 27124 ||| BUYING potion of curing (36 gold).
 27124 | Orc:2    | Bought a potion of curing for 36 gold pieces
 27124 | Orc:2    | 27124 ||| BUYING potion of curing (36 gold).
 27124 | Orc:2    | Bought a potion of curing for 36 gold pieces
 27124 | Orc:2    | 27124 ||| BUYING potion of curing (36 gold).
 27124 | Orc:2    | Bought a potion of curing for 36 gold pieces
 27124 | Orc:2    | 27124 ||| BUYING potion of heal wounds (60 gold).
 27124 | Orc:2    | Bought a potion of heal wounds for 60 gold pieces
 27124 | Orc:2    | 27124 ||| BUYING potion of heal wounds (60 gold).
 27124 | Orc:2    | Bought a potion of heal wounds for 60 gold pieces
 27124 | Orc:2    | 27124 ||| BUYING potion of heal wounds (60 gold).
 27124 | Orc:2    | Bought a potion of heal wounds for 60 gold pieces
 27227 | Orc:2    | 27227 ||| Stepping ~*~*~tactically~*~*~ (stealth).
 27231 | Orc:2    | 27231 ||| Stepping ~*~*~tactically~*~*~ (hiding).
 27232 | Orc:2    | 27232 ||| Stepping ~*~*~tactically~*~*~ (hiding).
 27241 | Orc:2    | Noticed Jorgrun
 27241 | Orc:2    | 27241 ||| INVOKING Brothers in Arms.
 27242 | Orc:2    | 27242 ||| DRINKING 2 potions of cancellation.
 27243 | Orc:2    | 27243 ||| INVOKING Berserk.
 27249 | Orc:2    | Killed Jorgrun
 27475 | Orc:2    | Found a staircase to the Elven Halls.
 27483 | Orc:2    | 27483 ||| Stepping ~*~*~tactically~*~*~ (stealth).
 27485 | Orc:2    | 27485 ||| Stepping ~*~*~tactically~*~*~ (stealth).
 27524 | Orc:2    | Found Nyiceizi's Book Shop.
 27736 | Orc:2    | Noticed an orc warlord
 27737 | Orc:2    | 27737 ||| INVOKING Brothers in Arms.
 27753 | Orc:2    | 27753 ||| INVOKING Brothers in Arms.
 27755 | Orc:2    | 27755 ||| INVOKING Berserk.
 27756 | Orc:2    | Killed an orc warlord
 27758 | Orc:2    | Received a gift from Trog
 27871 | Orc:2    | Found Ijiuxas's Antique Weapon Shop.
 27886 | Orc:2    | Found Aguafuti's Antique Armour Boutique.
 27895 | Orc:2    | 27895 ||| BUYING glowing broad axe (203 gold).
 27895 | Orc:2    | Bought a glowing broad axe for 203 gold pieces
 27895 | Orc:2    | 27895 ||| SWAPPING to +2 broad axe of freezing.
 27896 | Orc:2    | 27896 ||| DROPPING +1 broad axe.
 27903 | Orc:2    | 27903 ||| BUYING runed scarf (264 gold).
 27903 | Orc:2    | Bought a runed scarf for 264 gold pieces
 27972 | Orc:2    | 27972 ||| Stepping ~*~*~tactically~*~*~ (stealth).
 27974 | Orc:2    | 27974 ||| Stepping ~*~*~tactically~*~*~ (hiding).
 27997 | Orc:2    | 27997 ||| Stepping ~*~*~tactically~*~*~ (stealth).
 27999 | Orc:2    | 27999 ||| INVOKING Trog's Hand.
 28000 | Orc:2    | 28000 ||| INVOKING Berserk.
 28110 | Orc:2    | Found Elyqirots's Armour Boutique.
 28217 | Orc:2    | 28217 ||| INVOKING Trog's Hand.
 28218 | Orc:2    | Found Hapiodeg's Magic Scroll Shop.
 28225 | Orc:2    | 28225 ||| INVOKING Berserk.
 28342 | Orc:2    | 28342 ||| BUYING scroll of teleportation (42 gold).
 28342 | Orc:2    | Bought a scroll of teleportation for 42 gold pieces
 28420 | Orc:2    | 28420 ||| PLANNING SPIDER:1-3
 28420 | Orc:2    | 28420 ||| DROPPING scarf of invisibility.
 28641 | Spider:1 | Entered Level 1 of the Spider Nest
 28725 | Spider:1 | 28725 ||| Stepping ~*~*~tactically~*~*~ (hiding).
 28726 | Spider:1 | 28726 ||| Stepping ~*~*~tactically~*~*~ (hiding).
 28893 | Spider:1 | 28893 ||| Stepping ~*~*~tactically~*~*~ (stealth).
 28896 | Spider:1 | 28896 ||| Stepping ~*~*~tactically~*~*~ (hiding).
 29241 | Spider:2 | 29241 ||| Stepping ~*~*~tactically~*~*~ (hiding).
 29260 | Spider:2 | Reached skill level 15 in Shields
 29280 | Spider:2 | 29280 ||| FLEEEEING.
 29281 | Spider:2 | 29281 ||| FLEEEEING.
 29282 | Spider:2 | 29282 ||| FLEEEEING.
 29283 | Spider:2 | 29283 ||| FLEEEEING.
 29284 | Spider:2 | 29284 ||| STAIRDANCE
 29354 | Spider:2 | 29354 ||| STAIRDANCE
 29421 | Spider:2 | 29421 ||| Stepping ~*~*~tactically~*~*~ (stealth).
 29426 | Spider:2 | 29426 ||| Stepping ~*~*~tactically~*~*~ (hiding).
 29431 | Spider:2 | 29431 ||| INVOKING Berserk.
 29452 | Spider:2 | 29452 ||| READING 7 scrolls of teleportation.
 29454 | Spider:2 | HP: 35/147 [demonic crawler (14)]
 29455 | Spider:2 | 29455 ||| DRINKING 13 potions of heal wounds.
 29456 | Spider:2 | 29456 ||| READING 6 scrolls of teleportation.
 29798 | Spider:2 | 29798 ||| Stepping ~*~*~tactically~*~*~ (stealth).
 29803 | Spider:2 | 29803 ||| Stepping ~*~*~tactically~*~*~ (stealth).
 29819 | Spider:2 | 29819 ||| INVOKING Berserk.
 29870 | Spider:2 | 29870 ||| Stepping ~*~*~tactically~*~*~ (stealth).
 29873 | Spider:2 | 29873 ||| Stepping ~*~*~tactically~*~*~ (stealth).
 29874 | Spider:2 | 29874 ||| Stepping ~*~*~tactically~*~*~ (stealth).
 29875 | Spider:2 | 29875 ||| Stepping ~*~*~tactically~*~*~ (stealth).
 29877 | Spider:2 | 29877 ||| Stepping ~*~*~tactically~*~*~ (stealth).
 30060 | Spider:2 | 30060 ||| Stepping ~*~*~tactically~*~*~ (hiding).
 30308 | Spider:2 | Identified the +1 ring mail "Caram" {rC+ Str+2 Dex+5}
 30605 | Spider:2 | 30605 ||| Stepping ~*~*~tactically~*~*~ (hiding).
 30606 | Spider:2 | 30606 ||| INVOKING Brothers in Arms.
 30607 | Spider:2 | 30607 ||| INVOKING Brothers in Arms.
 30608 | Spider:2 | 30608 ||| INVOKING Brothers in Arms.
 30811 | Spider:2 | 30811 ||| UPGRADING to +1 hat.
 30816 | Spider:2 | 30816 ||| DROPPING +1 chain mail of willpower.
 30817 | Spider:2 | 30817 ||| READING 12 scrolls of identify.
 30817 | Spider:2 | 30817 ||| IDENTIFYING dark potion
 30818 | Spider:2 | 30818 ||| DROPPING potion of berserk rage.
 30834 | Spider:3 | 30834 ||| INVOKING Brothers in Arms.
 30835 | Spider:3 | 30835 ||| INVOKING Brothers in Arms.
 30836 | Spider:3 | 30836 ||| STAIRDANCE
 30843 | Spider:3 | 30843 ||| STAIRDANCE
 30845 | Spider:2 | 30845 ||| INVOKING Berserk.
 30982 | Spider:3 | 30982 ||| STAIRDANCE
 31032 | Spider:3 | 31032 ||| STAIRDANCE
 31036 | Spider:3 | 31036 ||| INVOKING Brothers in Arms.
 31037 | Spider:3 | 31037 ||| INVOKING Brothers in Arms.
 31173 | Spider:3 | 31173 ||| DRINKING 9 potions of resistance.
 31179 | Spider:3 | 31179 ||| INVOKING Berserk.
 31203 | Spider:3 | Noticed Mlioglotl
 31205 | Spider:3 | HP: 32/147 [spark wasp (21)]
 31206 | Spider:3 | 31206 ||| READING 6 scrolls of teleportation.
 31207 | Spider:3 | 31207 ||| DRINKING 12 potions of heal wounds.
 31214 | Spider:3 | HP: 27/147 [radroach (11)]
 31215 | Spider:3 | 31215 ||| READING 5 scrolls of teleportation.
 31216 | Spider:3 | 31216 ||| DRINKING 11 potions of heal wounds.
 31217 | Spider:3 | 31217 ||| DRINKING 10 potions of heal wounds.
 31220 | Spider:3 | Noticed a tentacled starspawn
 31220 | Spider:3 | HP: 31/147 [wolf spider (7)]
 31221 | Spider:3 | 31221 ||| READING 4 scrolls of teleportation.
 31221 | Spider:3 | HP: 14/147 [wolf spider (3)]
 31221 | Spider:3 | HP: 6/147 [tentacled starspawn[Mlioglotl] (8)]
 31221 | Spider:3 | Slain by a tentacled starspawn

Levels and vault maps discovered:
D:1:      dpeg_arrival_brainrot, layout_basic,
          hellmonk_ecumenical_altar_crossroads
D:2:      layout_basic, st_stairs_11, minmay_misc_feat_nine_boxes
D:3:      layout_rooms, mainiacjoe_overflow_cross_hatched, fedhas_altar_3,
          gammafunk_ghost_arena
D:4:      corexii_shack_village, layout_basic, kennysheep_slug_shrine,
          roderic_malta_cross
D:5:      layout_basic, lemuel_crystal_altar, nicolae_overflow_two_pavilions,
          minmay_temple_entry_trees, serial_rivers,
          chequers_serial_rivers_small_3, chequers_serial_rivers_room_b,
          chequers_serial_rivers_marsh, chequers_serial_rivers_large_b,
          chequers_serial_rivers_small_b, kennysheep_nondescript, uniq_sigmund
D:6:      layout_basic, nicolae_gozag_seed_capital, uniq_menkaure, uniq_maggie
D:7:      layout_layer_cave, serial_shops, nicolae_stop_n_shop_1,
          uniq_prince_ribbit1, uniq_duvessa
D:8:      layout_rooms, nicolae_wu_jian_wuxing_cycle
D:9:      layout_long_grid, erik_lair_dragon, eino_curves_02,
          serial_bayou_lagoon_a, kennysheep_small_circle
D:10:     layout_roguey, nicolae_ru_awakened_eye
D:11:     layout_long_grid, serial_shops, nicolae_shop_bloodbath_and_beyond,
          special_room [special_room_bee], nicolae_specific_store,
          water_boxes_lemuel
D:12:     layout_roguey, minmay_orc_entry_temple_small, serial_bayou_pond_a
D:13:     layout_roguey, serial_bayou_pond_c, uniq_azrael
D:14:     layout_roguey, david_vaults_1
D:15:     gammafunk_depths_entry_grave, layout_gridville, hex_tiny,
          amcnicky_mini_pool_small
Lair:1:   layout_misc_corridors, lemuel_centaur_altar, infiniplex_staircase_pool
Lair:2:   layout_chaotic_city, nicolae_swamp_entry_splash_gauntlet,
          st_stairs_13, infiniplex_staircase_pool_2
Lair:3:   layout_regular_city, spider_nest_entry_rubble,
          amcnicky_mini_pool_medium, serial_bayou_shore_a, lemuel_fruit_fields
Lair:4:   layout_roguey, kennysheep_snail_temple, grunt_megastairs_5
Lair:5:   hellmonk_lair_end_abyssal_woods, layout_loops_ring, slime_entry_1,
          ebering_ghost_rock_garden
Spider:1: layout_spider_delve, drop_trap
Spider:2: layout_spider_delve
Spider:3: nicolae_spider_jumping_over_cracks [nicolae_spider_jumping_sub_moat,
          nicolae_spider_jumping_sub_moat, nicolae_spider_jumping_sub_moat,
          nicolae_spider_jumping_sub_pools], drop_trap,
          hangedman_spider_tarantella_strand, uniq_mlioglotl
Orc:1:    layout_caves, hellmonk_ghost_happy_afterlife
Orc:2:    grunt_orc_community_town_hall, layout_caves,
          grunt_orc_community_big_house_1, grunt_orc_community_big_house_2,
          grunt_orc_community_house_3, grunt_orc_community_house_2,
          grunt_orc_community_house_2, grunt_orc_community_house_2,
          grunt_orc_community_house_3, grunt_orc_community_house_3,
          serial_shops, nicolae_lakefront_shop, nicolae_shop_statue_plus,
          nicolae_diamond_shop, uniq_jorgrun

Skill      XL: |  1  2  3  4  5  6  7  8  9 10 11 12 13 14 15 |
---------------+----------------------------------------------+-----
Axes           | 4 5 6 7 8 10 11 13 14 16 18 | 18.0
Throwing       | 1 2 3 4 |  4.0
Fighting       | 4 5 6 8 10 12 14 16 17 | 17.2
Armour         | 4 7 10 11 13 15 16 | 16.0
Dodging        | 4 6 7 8 |  8.0
Shields        | 12 16 | 16.0

Action                   |  1- 3 |  4- 6 |  7- 9 | 10-12 | 13-15 || total
-------------------------+-------+-------+-------+-------+-------++-------
Melee: Hand axe          |   104 |    49 |       |   127 |       ||   280
       Headbutt          |     9 |    14 |    24 |    91 |   210 ||   348
       Punch             |     1 |       |       |     3 |     2 ||     6
       War axe           |       |    51 |   142 |   308 |    25 ||   526
       Morningstar       |       |       |       |     4 |     6 ||    10
       Broad axe         |       |       |       |       |   904 ||   904
Throw: Javelin           |     1 |    30 |    15 |    10 |       ||    56
       Boomerang         |       |     4 |    20 |    94 |   109 ||   227
Invok: Berserk           |     1 |     5 |     8 |    22 |    36 ||    72
       Brothers in Arms  |       |       |       |     1 |    11 ||    12
       Trog's Hand       |       |       |       |       |     4 ||     4
  Use: Scroll            |     2 |     6 |     7 |     5 |    12 ||    32
       Potion            |     1 |     5 |     1 |     4 |    10 ||    21
 Stab: Petrified         |       |       |       |       |     1 ||     1
Armor: Animal skin       |    11 |       |       |       |       ||    11
       Chain mail        |       |    33 |       |       |       ||    33
       Plate armour      |       |     3 |    64 |   186 |   476 ||   729
Dodge: Dodged            |    66 |    31 |    58 |   173 |   393 ||   721
Block: Kite shield       |       |       |       |       |   362 ||   362

Table legend:
 A = Non-vault XP
 B = Vault XP
 C = Vault XP percentage of total XP
 D = Non-vault monster count
 E = Vault monster count
 F = Vault count percentage of total count
                 A         B        C        D         E       F
            +---------+---------+-------+---------+---------+-------
      Total |  107953 |   41999 |  28.0 |     579 |     226 |  28.1
            +---------+---------+-------+---------+---------+-------
        D:1 |      42 |       2 |   4.5 |      24 |       1 |   4.0
        D:2 |      73 |       6 |   7.6 |      26 |       5 |  16.1
        D:3 |      88 |       0 |   0.0 |      19 |       0 |   0.0
        D:4 |     215 |      31 |  12.6 |      14 |      13 |  48.1
        D:5 |    1120 |     226 |  16.8 |      17 |       1 |   5.6
        D:6 |    1140 |     593 |  34.2 |      19 |       2 |   9.5
        D:7 |    1450 |     482 |  24.9 |      34 |       3 |   8.1
        D:8 |    1730 |       0 |   0.0 |      23 |       0 |   0.0
        D:9 |    4839 |    1599 |  24.8 |      46 |       8 |  14.8
       D:10 |    2376 |       0 |   0.0 |      22 |       0 |   0.0
       D:11 |    3448 |    1774 |  34.0 |      21 |      25 |  54.3
       D:12 |    3101 |     118 |   3.7 |      14 |       5 |  26.3
       D:13 |    9350 |    1767 |  15.9 |      28 |       5 |  15.2
       D:14 |    6742 |    1824 |  21.3 |      13 |       3 |  18.8
       D:15 |    5760 |    5195 |  47.4 |      14 |       8 |  36.4
     Lair:1 |    3306 |     445 |  11.9 |      19 |       4 |  17.4
     Lair:2 |    5499 |    2671 |  32.7 |      17 |       6 |  26.1
     Lair:3 |    5257 |     962 |  15.5 |      19 |       5 |  20.8
     Lair:4 |   13010 |    1601 |  11.0 |      46 |       5 |   9.8
     Lair:5 |    5295 |   12461 |  70.2 |      15 |      43 |  74.1
   Spider:1 |    5385 |       0 |   0.0 |      16 |       0 |   0.0
   Spider:2 |   17728 |       0 |   0.0 |      41 |       0 |   0.0
   Spider:3 |    7524 |    2580 |  25.5 |      23 |      11 |  32.4
      Orc:1 |    1698 |       0 |   0.0 |      22 |       0 |   0.0
      Orc:2 |    1777 |    7662 |  81.2 |      27 |      73 |  73.0
            +---------+---------+-------+---------+---------+-------
